 Dungeon Crawl Stone Soup version 0.17.1-2-g5865329 (webtiles) character file.

7917 JustSomeDude the Covert (level 11, -2/100 HPs)
             Began as a Naga Monk on Jan 19, 2016.
             Was an Elder of Dithmenos.
             Slain by a wolf (10 damage)
             ... on level 9 of the Dungeon.
             The game lasted 00:43:14 (11018 turns).

JustSomeDude the Covert (Naga Monk)                Turns: 11018, Time: 00:43:15

Health: -2/100     AC:  7    Str: 13    XL:     11   Next: 22%
Magic:  11/11      EV: 16    Int:  9    God:    Dithmenos [****..]
Gold:   563        SH:  0    Dex: 17    Spells: 0 memorised, 10 levels left

rFire  . . .     SeeInvis +     F - +1 short sword (drain)
rCold  . . .     Clarity  .     a - +0 robe
rNeg   + . .     SustAt   .     (no shield)
rPois  +         Gourm    .     (no helmet)
rElec  .         Spirit   .     G - +2 cloak
rCorr  .         Warding  .     (no gloves)
rMut   .         Stasis   .     (no barding)
MR     +....                    (no amulet)
Stlth  ++++++++++               g - +3 ring of slaying
                                e - ring of positive energy

@: short of breath, wreathed by umbra, very slow, somewhat resistant to hostile
enchantments, uncannily stealthy
A: claws 1, camouflage 1, see invisible, deformed body, dopey 1, poison
resistance, slowness 2, slow metabolism 1, spit poison 3, AC +3
a: Breathe Poison Gas, Shadow Step, Renounce Religion


You were on level 9 of the Dungeon.
You worshipped Dithmenos.
Dithmenos was greatly pleased with you.
You were not hungry.

You visited 2 branches of the dungeon, and saw 12 of its levels.

You collected 563 gold pieces.

Inventory:

Hand Weapons
 y - a +2 dagger of electrocution
 F - a +1 short sword of draining (weapon)
Armour
 a - a +0 robe (worn)
 G - a +2 cloak (worn)
Jewellery
 e - a ring of positive energy (left claw)
 g - a +3 ring of slaying (right claw)
Wands
 c - a wand of invisibility (3)
 z - a wand of draining (6)
Scrolls
 d - 3 scrolls of remove curse {unknown}
 h - a scroll of magic mapping {unknown}
 k - 2 scrolls of recharging
 o - 2 scrolls of random uselessness {unknown}
 p - 10 scrolls of identify
 q - a scroll of blinking
 w - a scroll of amnesia {unknown}
 B - a scroll of fog {unknown}
Potions
 l - a potion of haste
Books
 j - a book of Summonings

   Spells                             Type                      Level
   a - Recall                         Summoning/Translocation      3
   b - Aura of Abjuration             Summoning                    5
   c - Shadow Creatures               Summoning                    5
   d - Summon Demon                   Summoning                    5
   e - Summon Forest                  Summoning/Translocation      5
   f - Summon Mana Viper              Hexes/Summoning              5
 n - a book of Air

   Spells                             Type                      Level
   a - Shock                          Conjuration/Air              1
   b - Swiftness                      Charms/Air                   2
   c - Repel Missiles                 Charms/Air                   2
   d - Static Discharge               Conjuration/Air              3
   e - Lightning Bolt                 Conjuration/Air              5
Miscellaneous
 f - a plain deck of summoning {the Illusion}
Comestibles
 b - 5 bread rations
 m - 2 meat rations
 x - 4 fruits


   Skills:
 + Level 7.4 Fighting
 * Level 6.2 Short Blades
 * Level 9.2 Dodging
 + Level 14.4 Stealth
 + Level 4.4 Unarmed Combat


You had 10 spell levels left.
You didn't know any spells.

Dungeon Overview and Level Annotations

Branches:
Dungeon (11/15)            Temple (1/1) D:4            Lair (0/8) D:9
    Orc (0/4) D:9

Altars:
Ashenzari
Cheibriados
Dithmenos
Elyvilon
Fedhas
Gozag
Kikubaaqudgha
Makhleb
Nemelex Xobeh
Okawaru
Qazlal
Ru
Sif Muna
Trog
Vehumet
Xom
Yredelemnul
Zin
The Shining One

Shops:
D:4 ?

Annotations:
D:6 exclusion: statue


Innate Abilities, Weirdness & Mutations

You cannot wear boots.
Your serpentine skin is tough (AC +3).
You have supernaturally acute eyesight.
Armour fits poorly on your strangely shaped body.
Your system is resistant to poisons.
You cover ground very slowly.
You have a slow metabolism.
You can exhale a cloud of poison.
You have sharp fingernails.
Your skin changes colour to match your surroundings (Stealth).
You are dopey. (Int -2)


Message History

* * * LOW HITPOINT WARNING * * *
The troll zombie barely misses you.
You hit the troll zombie. The troll zombie completely misses you.
The troll zombie closely misses you.
The troll zombie claws you but does no damage.
You hit the troll zombie. You hit the troll zombie. The troll zombie bites you.
* * * LOW HITPOINT WARNING * * *
The troll zombie claws you but does no damage. x2
You puncture the troll zombie! You hit the troll zombie.
The troll zombie closely misses you. The troll zombie closely misses you. x2
You puncture the troll zombie!
You destroy the troll zombie!
Dithmenos accepts your kill. The wolf barely misses you.
You hit the wolf but do no damage. The wolf bites you!
* * * LOW HITPOINT WARNING * * *
The wolf bites you!
You die...

..........##.....#....8..
#.....
..#.#............#.......
##....
...>...†)..(.....#.......
##...
.................#.......
#...
...).......#.............
.....
#.....#(...((............
.....
#....###..(.......8...>..
.# ##.###
##....()(h)....... .. #
### ###.##.#@.)...... ..
# ####.†.#.........#.####
#....#.........#.#.##
#.....#........ #....#
..#....#....8.. #...##
....#.#.####...####.....
#...............#......Z
#..............##.....#
...........###...##


You could see a wolf.

Vanquished Creatures
  An ugly thing (D:9)
  Maurice (D:9)
  2 trolls (D:9)
  Prince Ribbit (D:5)
  Sigmund (D:5)
  A wyvern (D:7)
  2 hill giant zombies (D:9)
  A hippogriff (D:7)
  3 wolves (D:9)
  Duvessa (D:4)
  A black bear (D:9)
  2 ice beasts
  2 sky beasts
  3 orc warriors
  7 ogres
  4 phantoms
  5 centaurs
  6 giant frogs
  2 gnoll sergeants
  6 big kobolds
  Dowan (D:4)
  A scorpion (D:7)
  2 troll zombies (D:9)
  7 killer bees
  A quasit (D:7)
  3 crimson imps
  4 centaur zombies
  2 giant frog zombies
  4 orc wizards
  A jelly (D:9)
  2 giant frog skeletons
  5 orc priests
  6 hounds
  2 centaur skeletons
  Terence (D:3)
  4 iguanas
  6 worker ants
  2 killer bee zombies
  A hound zombie (D:7)
  A worker ant zombie (D:9)
  9 adders
  11 gnolls
  A shadow imp (D:6)
  An ooze (D:2)
  3 adder zombies
  5 worms
  5 giant geckos
  22 orcs
  2 ball pythons
  8 giant cockroaches
  13 goblins
  4 hobgoblins
  13 jackals
  A quokka (D:11)
  A ball python skeleton (D:5)
  6 bats
  A giant gecko zombie (D:6)
  10 giant newts
  2 goblin skeletons (D:9)
  2 hobgoblin skeletons (D:9)
  2 hobgoblin zombies (D:9)
  A jackal zombie (D:6)
  19 kobolds
  4 orc skeletons (D:9)
  10 orc zombies (D:9)
  6 rats
270 creatures vanquished.

Vanquished Creatures (others)
  A hound skeleton (D:9)
1 creature vanquished.

Grand Total: 271 creatures vanquished

Notes
Turn   | Place    | Note
--------------------------------------------------------------
     0 | D:1      | JustSomeDude the Naga Monk began the quest for the Orb.
     0 | D:1      | Reached XP level 1. HP: 21/21 MP: 1/1
   312 | D:1      | Reached XP level 2. HP: 25/28 MP: 2/2
   817 | D:1      | Reached XP level 3. HP: 34/34 MP: 3/3
  1553 | D:2      | Reached XP level 4. HP: 39/42 MP: 4/4
  2273 | D:3      | Noticed Terence
  2282 | D:3      | Killed Terence
  2282 | D:3      | Reached skill level 1 in Short Blades
  2294 | D:3      | Reached XP level 5. HP: 49/49 MP: 5/5
  2300 | D:3      | Found a faded altar to an unknown god.
  2472 | D:3      | Reached skill level 5 in Stealth
  2666 | D:3      | Found a shattered altar of Ashenzari.
  2947 | D:4      | Gained mutation: You have an increased reservoir of magic (+10% MP). [potion of mutation]
  2947 | D:4      | Gained mutation: You have sharp fingernails. [potion of mutation]
  2947 | D:4      | Gained mutation: Your muscles are strong. (Str +2) [potion of mutation]
  2949 | D:4      | Lost mutation: Your muscles are strong. (Str +2) [potion of cure mutation]
  2949 | D:4      | Lost mutation: You have an increased reservoir of magic (+10% MP). [potion of cure mutation]
  2955 | D:4      | Reached skill level 6 in Stealth
  2961 | D:4      | Reached XP level 6. HP: 31/57 MP: 6/6
  3144 | D:4      | Noticed Duvessa
  3149 | D:4      | Noticed Dowan
  3166 | D:4      | Killed Duvessa
  3166 | D:4      | Reached skill level 7 in Stealth
  3175 | D:4      | Killed Dowan
  3457 | D:4      | Found Qemir's Magic Scroll Boutique.
  3475 | D:4      | Reached XP level 7. HP: 64/64 MP: 7/7
  3509 | D:4      | Noticed an ogre
  3514 | D:4      | Killed an ogre
  3514 | D:4      | Reached skill level 8 in Stealth
  3587 | D:4      | Found a burning altar of Makhleb.
  3587 | D:4      | Noticed an Executioner
  3908 | D:4      | Found a staircase to the Ecumenical Temple.
  3917 | Temple   | Entered the Ecumenical Temple
  3940 | Temple   | Became a worshipper of Dithmenos the Shadowed
  3940 | Temple   | Reached * piety under Dithmenos
  3940 | Temple   | Reached ** piety under Dithmenos
  4022 | D:5      | Entered Level 5 of the Dungeon
  4022 | D:5      | Noticed Prince Ribbit
  4024 | D:5      | Killed Prince Ribbit
  4024 | D:5      | Reached skill level 9 in Stealth
  4053 | D:5      | Reached XP level 8. HP: 71/73 MP: 8/8
  4144 | D:5      | Reached skill level 10 in Stealth
  4797 | D:5      | Reached skill level 5 in Dodging
  4900 | D:5      | Noticed Sigmund
  4904 | D:5      | Killed Sigmund
  4904 | D:5      | Reached skill level 11 in Stealth
  5104 | D:6      | Found a radiant altar of Vehumet.
  5141 | D:6      | Reached skill level 5 in Fighting
  5155 | D:6      | Reached XP level 9. HP: 81/81 MP: 9/9
  5307 | D:6      | Gained mutation: You are robust (+10% HP). [mutagenic meat]
  5308 | D:6      | Gained mutation: You are dopey. (Int -2) [mutagenic meat]
  5309 | D:6      | Lost mutation: You are robust (+10% HP). [mutagenic meat]
  5310 | D:6      | Gained mutation: You can exhale a cloud of poison. [mutagenic meat]
  5311 | D:6      | Gained mutation: Your skin changes colour to match your surroundings (Stealth). [mutagenic meat]
  6117 | D:7      | Reached skill level 12 in Stealth
  6558 | D:7      | Reached *** piety under Dithmenos
  6946 | D:7      | Reached skill level 13 in Stealth
  7155 | D:8      | Found a burning altar of Makhleb.
  7192 | D:8      | Reached XP level 10. HP: 91/91 MP: 10/10
  7297 | D:8      | Reached skill level 5 in Short Blades
  7436 | D:8      | You fall through a shaft for 3 floors!
  7511 | D:10     | Entered Level 10 of the Dungeon
  8475 | D:8      | Reached **** piety under Dithmenos
  8646 | D:9      | Reached skill level 14 in Stealth
  8671 | D:9      | Noticed Maurice
  8684 | D:9      | Killed Maurice
  8802 | D:9      | Found a staircase to the Lair.
  9574 | D:9      | Noticed a cyan ugly thing
  9604 | D:9      | Reached XP level 11. HP: 85/100 MP: 11/11
  9981 | D:9      | Killed a cyan ugly thing
 10957 | D:9      | Found a staircase to the Orcish Mines.
 11018 | D:9      | Slain by a wolf

Action                   |  1- 3 |  4- 6 |  7- 9 | 10-12 || total
-------------------------+-------+-------+-------+-------++-------
Melee: Unarmed           |    12 |       |       |       ||    12
       Dagger            |    78 |   122 |   258 |    93 ||   551
       Short sword       |       |       |       |   311 ||   311
 Abil: Breathe Poison Ga |       |       |    16 |    22 ||    38
  Use: Potion            |       |     6 |       |    13 ||    19
       Scroll            |       |       |       |     6 ||     6
 Stab: Sleeping          |    12 |    10 |    23 |    10 ||    55
       Distracted        |       |       |     2 |     3 ||     5
  Eat: Chunk             |     1 |     2 |    12 |     8 ||    23
       Beef jerky        |       |     1 |     2 |       ||     3
       Royal jelly       |       |     1 |       |       ||     1
       Pizza             |       |       |     2 |       ||     2
       Fruit             |       |       |       |     1 ||     1
       Meat ration       |       |       |       |     1 ||     1
